 Dungeon Crawl Stone Soup version 0.19-a0-1457-g32fba05 (webtiles) character file.

935 poirepourri the Covert (level 7, 0/33 HPs)
             Began as a Spriggan Enchanter on Sept 6, 2016.
             Was an Initiate of Dithmenos.
             Slain by Menkaure (17 damage)
             ... on level 6 of the Dungeon.
             The game lasted 00:16:17 (10150 turns).

poirepourri the Covert (Spriggan Enchanter)        Turns: 10150, Time: 00:16:18

Health: 0/33       AC:  3    Str:  4    XL:     7   Next: 87%
Magic:  14/17      EV: 20    Int: 16    God:    Dithmenos [......]
Gold:   240        SH:  0    Dex: 19    Spells: 5 memorised, 6 levels left

rFire  . . .     SeeInvis +     a - +3 dagger
rCold  . . .     Gourm    .     s - +1 robe {MR+}
rNeg   . . .     Faith    .     (shield restricted)
rPois  .         Spirit   .     (helmet restricted)
rElec  .         Dismiss  .     (no cloak)
rCorr  .         Reflect  .     (gloves unavailable)
MR     ++...     Harm     .     (boots unavailable)
Stlth  +++++.....               (no amulet)
                                (no ring)
                                g - +1 ring of evasion

@: very quick
A: unfitting armour, see invisible, herbivore 3, speed 3, slow metabolism 2
a: Renounce Religion


You were on level 6 of the Dungeon.
You worshipped Dithmenos.
Dithmenos was noncommittal.
You were not hungry.

You visited 2 branches of the dungeon, and saw 7 of its levels.

You collected 240 gold pieces.

Inventory:

Hand Weapons
 a - a +3 dagger (weapon)
Missiles
 i - 217 stones (quivered)
 q - 41 poisoned needles
 A - 4 tomahawks
Armour
 b - a +2 robe
 s - a +1 robe of magic resistance (worn)
 x - a +2 robe of cold resistance
 y - a +0 pair of gloves
Jewellery
 g - a +1 ring of evasion (left hand)
 l - an uncursed ring of wizardry {unknown}
 t - an uncursed amulet of guardian spirit {unknown}
Scrolls
 f - a scroll of magic mapping
 m - 2 scrolls of remove curse
Potions
 d - a potion of brilliance {unknown}
 e - 3 potions of curing
 h - 2 potions of cancellation {unknown}
 j - 2 potions of cure mutation
 n - a potion of haste {unknown}
 o - 3 potions of ambrosia
 p - a potion of lignification {unknown}
 u - a potion of resistance {unknown}
 v - 2 potions of agility {unknown}
 C - a potion of might {unknown}
Books
 c - a book of Maledictions

   Spells                             Type                      Level
   a - Corona                         Hexes                        1
   b - Ensorcelled Hibernation        Hexes/Ice                    2
   c - Confuse                        Hexes                        3
   d - Tukima's Dance                 Hexes                        3
   e - Dazzling Spray                 Conjuration/Hexes            3
Comestibles
 w - 2 fruits
 z - 2 bread rations
 B - a slice of pizza


   Skills:
 - Level 1.2 Fighting
 + Level 1.2 Short Blades
 - Level 3.5 Dodging
 + Level 9.3 Stealth
 + Level 6.1 Spellcasting
 + Level 7.0 Hexes
 - Level 0.1 Ice Magic


You had 6 spell levels left.
You knew the following spells:

 Your Spells              Type           Power        Failure   Level  Hunger
a - Corona                Hex            ####...      1%          1    None
b - Ensorcelled Hibernat  Hex/Ice        ###...       6%          2    #......
c - Confuse               Hex            ####....     1%          3    ##.....
d - Tukima's Dance        Hex            ####....     1%          3    ##.....
e - Dazzling Spray        Conj/Hex       ###...       12%         3    ##.....


Dungeon Overview and Level Annotations

Branches:
Dungeon (6/15)             Temple (1/1) D:6

Altars:
Dithmenos
Fedhas
Gozag
Kikubaaqudgha
Makhleb
Ru
Uskayaw
Xom
Zin

Annotations:
D:3 sveltemanboy's ghost, amateur HuFi
D:4 epen's ghost, amateur SpMo
D:6 Menkaure


Innate Abilities, Weirdness & Mutations

You are tiny and cannot use many weapons and most armour.
You have supernaturally acute eyesight. (SInv)
You are a herbivore.
You cover ground extremely quickly.
You need consume almost no food.


Message History

Menkaure closely misses you.
You feel much better.
You hit Menkaure.
Menkaure is moderately damaged.
Menkaure breathes soot at you.
Menkaure calls on the powers of darkness!
Your body is wracked with pain!
You hit Menkaure but do no damage.
Menkaure is moderately damaged.
Menkaure hits you.
You hit Menkaure.
Menkaure is moderately damaged.
Menkaure barely misses you.
You hit Menkaure.
Menkaure is heavily damaged.
You hit Menkaure.
Menkaure is heavily damaged.
Menkaure hits you!
Ouch! That really hurt!
You die...

##### # ...#
#.####.###########
#.......$.@M......
.#......####################
...........(................
##.#.......#################
...........†..# #.>.....#
##.#.....).########.......##
#.#.......##...............
# #.......##.#####.......##
#.......##.# #.......>..


You could see Menkaure.

Vanquished Creatures
  2 phantoms
  An ogre (D:5)
  A centaur (D:6)
  A water moccasin skeleton (D:4)
  A scorpion (D:4)
  A crimson imp (D:5)
  A hound (D:5)
  An orc wizard (D:4)
  An orc priest (D:5)
  Jessica (D:3)
  Ijyb (D:2)
  An iguana (D:5)
  2 worker ants (D:6)
  A hound skeleton (D:4)
  4 gnolls
  6 adders
  4 oozes
  2 adder skeletons
  A worm (D:4)
  4 giant geckos
  13 orcs
  6 bats
  4 giant cockroaches
  6 goblins (D:2)
  8 hobgoblins
  10 jackals
  4 quokkas
  2 ball pythons
  5 giant newts
  12 kobolds
  A quokka skeleton (D:4)
  10 rats
118 creatures vanquished.

Notes
Turn   | Place    | Note
-------+----------+-------------------------------------------
     0 | D:1      | poirepourri the Spriggan Enchanter began the quest for the Orb.
     0 | D:1      | Reached XP level 1. HP: 9/9 MP: 5/5
   697 | D:1      | Reached XP level 2. HP: 13/13 MP: 7/7
   769 | D:1      | Reached skill level 5 in Stealth
  1863 | D:1      | Reached XP level 3. HP: 15/17 MP: 8/8
  2131 | D:2      | Learned a level 2 spell: Ensorcelled Hibernation
  2135 | D:2      | Learned a level 3 spell: Confuse
  2147 | D:2      | Noticed Ijyb
  2156 | D:2      | Killed Ijyb
  2159 | D:2      | Reached skill level 1 in Fighting
  2771 | D:2      | Reached XP level 4. HP: 22/22 MP: 5/10
  2928 | D:2      | Found a faded altar of an unknown god.
  4031 | D:2      | Learned a level 3 spell: Tukima's Dance
  4269 | D:3      | Reached skill level 6 in Stealth
  4315 | D:3      | Reached XP level 5. HP: 25/25 MP: 9/11
  4368 | D:3      | Noticed Jessica
  4388 | D:3      | Killed Jessica
  4388 | D:3      | Reached skill level 5 in Hexes
  4438 | D:3      | Noticed sveltemanboy's ghost (amateur HuFi)
  6181 | D:3      | Learned a level 3 spell: Dazzling Spray
  6482 | D:4      | Noticed epen's ghost (amateur SpMo)
  7038 | D:4      | Reached skill level 7 in Stealth
  7038 | D:4      | Reached XP level 6. HP: 30/30 MP: 13/13
  7614 | D:4      | Reached skill level 8 in Stealth
  7614 | D:4      | Reached skill level 5 in Spellcasting
  8181 | D:5      | Entered Level 5 of the Dungeon
  8268 | D:5      | Reached XP level 7. HP: 33/33 MP: 15/15
  9622 | D:6      | Found a staircase to the Ecumenical Temple.
  9816 | Temple   | Entered the Ecumenical Temple
  9922 | Temple   | Became a worshipper of Dithmenos the Shadowed
 10090 | D:6      | Reached skill level 9 in Stealth
 10134 | D:6      | Noticed Menkaure
 10150 | D:6      | Slain by Menkaure

Vault maps used:
D:1:      roderic_crossed_star, serial_bayou_pond_e
D:2:      ecumenical_altar_1, minmay_tetromino_s4, uniq_iyjb
D:3:      uniq_jessica
D:5:      first_bread
D:6:      yredelemnul_forgotten_temple_becter, uniq_menkaure, uniq_eustachio
Temple:   hc_temple_tempest_star

Skill      XL: |  1  2  3  4  5  6  7 |
---------------+----------------------+-----
Spellcasting   | 3 4 5 6 |  6.1
Stealth        | 5 6 7 8 9 |  9.3
Hexes          | 4 5 6 7 |  7.0
Fighting       | 1 |  1.2
Short Blades   | |  1.2
Dodging        | |  3.5
Ice Magic      | |  0.1

Action                   |  1- 3 |  4- 6 |  7- 9 || total
-------------------------+-------+-------+-------++-------
Melee: Dagger            |   185 |   189 |    56 ||   430
Throw: Stone             |       |       |     2 ||     2
 Cast: Corona            |    13 |     1 |       ||    14
       Ensorcelled Hiber |    10 |    72 |    25 ||   107
       Confuse           |       |    13 |     5 ||    18
  Use: Scroll            |     2 |     9 |     3 ||    14
       Potion            |     1 |     3 |     1 ||     5
 Stab: Sleeping          |     9 |    50 |    16 ||    75
       Confused          |       |     2 |     3 ||     5
  Eat: Bread ration      |       |     2 |       ||     2
Armor: Robe              |    32 |    15 |     4 ||    51
Dodge: Dodged            |   155 |   134 |    37 ||   326
